 Dungeon Crawl Stone Soup version 0.31-a0-664-g902f515a81 (webtiles) character file.

Game seed: 10239261678665287406

968 mopl the Chopper (level 8, -3/69 HPs)
             Began as a Hill Orc Fighter on Sept 2, 2023.
             Was a Follower of Beogh.
             Slain by a steam dragon (7 damage)
             ... on level 6 of the Dungeon.
             The game lasted 00:04:26 (3695 turns).

mopl the Chopper (Hill Orc Fighter)                 Turns: 3695, Time: 00:04:27

Health: -3/69      AC: 16    Str: 19    XL:     8   Next: 15%
Magic:  8/8        EV:  9    Int:  8    God:    Beogh [*.....]
Gold:   307        SH:  5    Dex: 18    Spells: 7/7 levels left

rFire   . . .        a - +0 war axe
rCold   + . .        c - +0 buckler
rNeg    . . .        p - +1 chain mail {rC+}
rPois   .            o - +0 helmet
rElec   .            i - +2 cloak
rCorr   .            s - +0 pair of gloves
SInv    .            (no boots)
Will    +....        (no amulet) Stlth
                     C - +6 ring of dexterity
HPRegen 0.31/turn    B - ring of willpower
MPRegen 0.11/turn

%: no passive effects
@: no status effects
A: no striking features
a: Renounce Religion


You were on level 6 of the Dungeon.
You worshipped Beogh.
Beogh was aware of your devotion.
You visited 1 branch of the dungeon, and saw 6 of its levels.

You collected 307 gold pieces.

Inventory:

Hand Weapons
 a - a +0 war axe (weapon)
 q - a +1 flail of holy wrath
Missiles
 m - 15 poisoned darts (quivered)
 v - 4 curare-tipped darts
 w - 3 boomerangs
Armour
 c - a +0 buckler (worn)
 i - a +2 cloak (worn)
 o - a +0 helmet (worn)
 p - a +1 chain mail of cold resistance (worn)
 s - a +0 pair of gloves (worn)
Jewellery
 f - a ring of magical power
 j - a ring of protection from cold
 B - a ring of willpower (right hand)
 C - a +6 ring of dexterity (left hand)
Wands
 t - a wand of flame (14)
 z - a wand of polymorph (3)
Scrolls
 b - a scroll of immolation {unknown}
 e - 2 scrolls of teleportation {unknown}
 h - 2 scrolls of enchant armour {unknown}
 l - 6 scrolls of identify {unknown}
 n - 2 scrolls of noise {unknown}
 x - 3 scrolls of vulnerability {unknown}
 y - a scroll of poison {unknown}
 D - a scroll of amnesia {unknown}
 G - a scroll of revelation {unknown}
Potions
 d - 2 potions of might
 g - 2 potions of invisibility {unknown}
 k - 2 potions of attraction {unknown}
 r - a potion of cancellation {unknown}
 u - 4 potions of curing {unknown}
 A - a potion of degeneration {unknown}
 E - a potion of magic {unknown}
 F - a potion of berserk rage {unknown}


   Skills:
 + Level 5.6 Fighting
 * Level 7.1 Axes
 + Level 2.7 Throwing
 + Level 5.0 Armour
 + Level 2.7 Dodging
 - Level 3.2 Shields
 + Level 2.4 Evocations


You had 7 spell levels left.
You didn't know any spells.
Your spell library contained the following spells:

 Spells                   Type           Power      Damage    Failure   Level
 Fireball                 Conj/Fire      0%         3d3       100%        5
 Iskenderun's Battlesphe  Conj           0%         2d6       100%        5
 Conjure Ball Lightning   Conj/Air       0%         3x3d6     100%        6
 Orb of Destruction       Conj           0%         9d5       100%        7


Dungeon Overview and Level Annotations

Branches:
Dungeon (6/15)
 Temple: D:4-7

Altars:
Cheibriados
Ru

Annotations:
D:6 1 runed translucent door


Message History

The ball of steam misses you. The orc warrior closely misses you.
The steam dragon misses you. The steam dragon claws you.
The orc warrior barely misses you.
You slash the steam dragon!
The steam dragon is severely wounded.
You hit the orc warrior but do no damage.
The orc warrior hits you with a +0 battleaxe.
You block the steam dragon's attack. The steam dragon claws you.
Unknown command.
You hit the steam dragon.
The steam dragon is severely wounded.
You hit the orc warrior but do no damage.
The orc warrior hits you with a +0 battleaxe!
* * * LOW HITPOINT WARNING * * *
The steam dragon barely misses you.
The steam dragon claws you but does no damage.
You barely miss the steam dragon.
The steam dragon is severely wounded.
You closely miss the orc warrior. The steam dragon breathes steam at you.
The ball of steam hits you.
* * * LOW HITPOINT WARNING * * *
The orc warrior is engulfed in a cloud of scalding steam.
The orc warrior hits you but does no damage.
You slash the steam dragon!
The steam dragon is almost dead.
You hit the orc warrior but do no damage.
You are engulfed in a cloud of scalding steam.
* * * LOW HITPOINT WARNING * * *
The steam dragon bites you!
* * * LOW HITPOINT WARNING * * *
The steam dragon claws you but does no damage.
The orc warrior is engulfed in a cloud of scalding steam.
The orc warrior dies!
Unknown command.
You closely miss the steam dragon.
The steam dragon is almost dead.
You are engulfed in a cloud of scalding steam.
The steam dragon bites you!
You die...

#.............
D............
...........
.........
......######
#........#..
#)§§.....+~~
#§D......#.
#@§§.....###
#.§........#
#..........## ##
#............
...##............
.................
..!..............
.......<.........
.................


You could see a steam dragon (catching breath).

Vanquished Creatures
  A black bear (D:5)
  Blork the orc (D:5)
  4 scorpions
  3 hounds
  2 jellies
  2 sleepcaps (D:5)
  Terence (D:2)
  2 orc wizards (D:5)
  An iguana (D:5)
  Robin (D:2)
  6 adders
  An ufetubus (D:5)
  A worm (D:4)
  2 dart slugs
  22 orcs
  10 bats
  8 endoplasms
  2 giant cockroaches
  22 goblins
  3 hobgoblins
  10 jackals
  5 kobolds
  5 quokkas
  7 ball pythons
  10 rats
132 creatures vanquished.

Vanquished Creatures (others)
  An orc warrior (D:6)
  An orc priest (D:4)
  An orc wizard (D:4)
  5 orcs
  A quokka (D:4)
  2 ball pythons (D:4)
11 creatures vanquished.

Grand Total: 143 creatures vanquished

Notes
Turn   | Place    | Note
-------+----------+-------------------------------------------
     0 | D:1      | mopl the Hill Orc Fighter began the quest for the Orb.
     0 | D:1      | Reached XP level 1. HP: 19/19 MP: 1/1
    44 | D:1      | Reached skill level 3 in Axes
    45 | D:1      | Reached XP level 2. HP: 25/27 MP: 2/2
   138 | D:1      | Found a faded altar of an unknown god.
   285 | D:1      | Reached XP level 3. HP: 32/33 MP: 3/3
   561 | D:2      | Reached skill level 4 in Fighting
   590 | D:2      | Reached skill level 1 in Dodging
   680 | D:2      | Noticed Robin
   684 | D:2      | Reached skill level 4 in Axes
   689 | D:2      | Reached XP level 4. HP: 33/40 MP: 4/4
   690 | D:2      | Killed Robin
   771 | D:2      | Noticed Terence
   780 | D:2      | Killed Terence
  1058 | D:2      | Reached XP level 5. HP: 47/47 MP: 5/5
  1415 | D:3      | Reached skill level 4 in Armour
  1623 | D:3      | Identified the +3 leather armour of Ashenzari's Whim
                  | {Int+2}
  1701 | D:3      | Reached skill level 1 in Throwing
  1723 | D:3      | Reached skill level 5 in Axes
  1977 | D:4      | Reached XP level 6. HP: 51/53 MP: 6/6
  2058 | D:4      | Became a worshipper of Beogh the Brigand
  2254 | D:4      | Reached skill level 1 in Evocations
  2439 | D:5      | Entered Level 5 of the Dungeon
  2472 | D:5      | Reached skill level 2 in Dodging
  2569 | D:5      | Reached skill level 5 in Fighting
  2569 | D:5      | Reached XP level 7. HP: 44/61 MP: 7/7
  2649 | D:5      | Noticed Blork the orc
  2665 | D:5      | Killed Blork the orc
  2666 | D:5      | Reached skill level 6 in Axes
  2666 | D:5      | Reached skill level 2 in Throwing
  2896 | D:5      | Found a snail-covered altar of Cheibriados.
  2897 | D:5      | Found a sacrificial altar of Ru.
  2946 | D:5      | Reached * piety under Beogh
  3338 | D:5      | Reached skill level 2 in Evocations
  3346 | D:5      | Reached XP level 8. HP: 34/69 MP: 8/8
  3350 | D:5      | Reached skill level 7 in Axes
  3350 | D:5      | Reached skill level 5 in Armour
  3672 | D:6      | Found a runed translucent door.
  3695 | D:6      | Slain by a steam dragon

Illustrated notes

Levels and vault maps discovered:
D:1:      ncdulo_smallfort, layout_basic, shapermc_ecumenical_altar_venn,
          minmay_crystal_room, minmay_pentomino_p2
D:2:      layout_basic, serial_forest, infiniplex_forest_side_room,
          infiniplex_forest_side_room, infiniplex_forest_clump_small,
          infiniplex_forest_clump_large, infiniplex_forest_end_3,
          infiniplex_forest_clump_double, uniq_robin, uniq_terence
D:3:      layout_basic, amcnicky_mini_pool_small
D:4:      layout_rooms
D:5:      layout_loops_corners, mainiacjoe_overflow_divided_tiny, serial_glass,
          glass_columns_b, glass_columns_c, minmay_small_thing,
          uniq_blork_the_orc
D:6:      kennysheep_housing_project, layout_basic,
          pdpol_temple_overflow_zin_treasury_gozag_greed,
          ebering_ghost_reflecting_pool

Skill      XL: |  1  2  3  4  5  6  7  8 |
---------------+-------------------------+-----
Axes           | 3 4 5 6 7 |  7.1
Fighting       | 4 5 |  5.6
Dodging        | 1 2 |  2.7
Armour         | 4 5 |  5.0
Throwing       | 1 2 |  2.7
Evocations     | 1 2 |  2.4
Shields        | |  3.2

Action                     |  1- 3 |  4- 6 |  7- 9 || total
---------------------------+-------+-------+-------++-------
  Melee: War axe           |    78 |   206 |    85 ||   369
 Invoke: Convert to Beogh  |       |     1 |       ||     1
 Armour: Scale mail        |    10 |       |       ||    10
         Plate armour      |    90 |    31 |       ||   121
         Chain mail        |       |   141 |    83 ||   224
         Skin              |       |     1 |       ||     1
  Dodge: Dodged            |    27 |    81 |    41 ||   149
  Block: Buckler           |    31 |    53 |    29 ||   113

Table legend: (Time is in decaauts)
 A = Elapsed time spent in this place.
 B = Non-inter-level travel time spent in this place.
 C = Inter-level travel time spent in this place.
 D = Time resting spent in this place.
 E = Time spent auto-exploring this place.
 F = Levels seen in this place.
 G = Mean time per level.
                   A        B        C        D        E       F      G
               +--------+--------+--------+--------+--------+-----+--------+
         Total |   3794 |   3599 |    195 |    266 |   2492 |   6 |  632.3 |
       Dungeon |   3794 |   3599 |    195 |    266 |   2492 |   6 |  632.3 |
               +--------+--------+--------+--------+--------+-----+--------+

Top non-repeatable levels by time:
     D:5: 1251 daAuts
     D:2: 834 daAuts
     D:3: 618 daAuts
     D:1: 574 daAuts
     D:4: 488 daAuts
     D:6: 27 daAuts
